 Dungeon Crawl Stone Soup version 0.20-a0-509-ga2a529b (webtiles) character file.

119 Kaname the Charmwright (level 4, -2/33 HPs)
             Began as a Demonspawn Skald on Jan 22, 2017.
             Slain by an iron imp (3 damage)
             ... summoned by Natasha
             ... on level 2 of the Dungeon.
             The game lasted 00:04:42 (2331 turns).

Kaname the Charmwright (Demonspawn Skald)           Turns: 2331, Time: 00:04:43

Health: -2/33      AC:  3    Str: 11    XL:     4   Next: 73%
Magic:  7/7        EV: 12    Int: 12    God:
Gold:   15         SH:  0    Dex: 13    Spells: 2/7 levels left

rFire    . . .     SeeInvis .   a - +0 short sword
rCold    . . .     Gourm    .   b - +0 leather armour
rNeg     . . .     Faith    .   (no shield)
rPois    .         Spirit   .   (helmet restricted)
rElec    .         Reflect  .   (no cloak)
rCorr    .         Harm     .   (no gloves)
MR       .....                  (no boots)
Stlth    ++........             (no amulet)
Regen    0.2/turn               (no ring)
                                e - -3 ring of intelligence (curse)

@: slowed, very slow
A: antennae 1, demonic guardian 1, nightstalker 1
a: no special abilities


You were on level 2 of the Dungeon.
You were not hungry.

You visited 1 branch of the dungeon, and saw 2 of its levels.

You collected 15 gold pieces.

Inventory:

Hand Weapons
 a - a +0 short sword (weapon)
Armour
 b - a +0 leather armour (worn)
Jewellery
 e - a cursed -3 ring of intelligence (left hand)
Scrolls
 g - a scroll of identify
 i - a scroll of teleportation
 j - a scroll of magic mapping
Potions
 f - a potion of heal wounds {unknown}
 h - 3 potions of degeneration {unknown}
 l - 2 potions of lignification {unknown}
Books
 c - a book of Battle

   Spells                             Type                      Level
   a - Infusion                       Charms                       1
   b - Shroud of Golubria             Charms/Translocation         2
   c - Song of Slaying                Charms                       2
   d - Spectral Weapon                Hexes/Charms                 3
   e - Regeneration                   Charms/Necromancy            3
Comestibles
 d - 2 bread rations
 k - a fruit
 m - 2 chunks of flesh


   Skills:
 - Level 2.0 Fighting
 + Level 3.3 Short Blades
 - Level 0.8 Armour
 - Level 1.7 Dodging
 - Level 2.0 Spellcasting
 - Level 4.0 Charms


You had 2 spell levels left.
You knew the following spells:

 Your Spells              Type           Power        Failure   Level  Hunger
a - Infusion              Chrm           ##..         10%         1    ##.....
b - Song of Slaying       Chrm           ##......     12%         2    ###....
c - Shroud of Golubria    Chrm/Tloc      #.........   24%         2    ###....


Dungeon Overview and Level Annotations

Branches:
Dungeon (2/15)

Altars:

Annotations:
D:2 Natasha


Innate Abilities, Weirdness & Mutations

You have a pair of small antennae on your head.
A weak demonic guardian rushes to your aid.
You are slightly more attuned to the shadows.


Message History

Your quasit misses Natasha. x3; Natasha misses you.
Your quasit misses Natasha.
Your quasit barely misses Natasha.
Your quasit closely misses Natasha.
The white imp barely misses your quasit.
The iron imp hits you but does no damage.
Natasha mumbles some strange words.
Natasha's front paws start to glow.
Natasha misses you.
You hit Natasha but do no damage.
Natasha is severely wounded.
Your quasit bites Natasha.
Your quasit closely misses Natasha. x2
The white imp gestures at you. The puff of frost hits your quasit.
Your quasit resists.
Natasha stares at you and mumbles some strange words.
The magic dart hits you!
* * * LOW HITPOINT WARNING * * *
Your quasit barely misses the white imp.
Your quasit claws the white imp but does no damage. x2
The iron imp hits you.
You die...

#.#.# #.# #.# #.#.#
#.# #.# #...# #.# #.#
#...#
###.###############.#
#..>#
#.....#.............#
#####
#.#.#.#.#############
#.#.#.#.# #.#.#.#5#
#.#.#.#@# ###.#.#.#h#
#...#.#.#5# #.### #5#
#.# #.# #.# #.# #.#
#.# #.# #.#
#.#######.#


You could see an iron imp, Natasha, a white imp and a friendly quasit.

Vanquished Creatures
  Natasha (D:2)
  An adder (D:2)
  3 worms (D:2)
  4 dart slugs
  2 leopard geckos (D:1)
  2 ball pythons
  2 giant cockroaches (D:1)
  4 goblins
  6 hobgoblins
  7 jackals
  6 bats
  3 frilled lizards
  6 kobolds
  8 rats
55 creatures vanquished.

Vanquished Creatures (collateral kills)
  Natasha (D:2)
1 creature vanquished.

Vanquished Creatures (others)
  4 toadstools (D:1)
4 creatures vanquished.

Grand Total: 60 creatures vanquished

Notes
Turn   | Place    | Note
-------+----------+-------------------------------------------
     0 | D:1      | Kaname the Demonspawn Skald began the quest for the Orb.
     0 | D:1      | Reached XP level 1. HP: 16/16 MP: 3/3
   145 | D:1      | Gained mutation: You are slightly more attuned to the shadows. [demonic ancestry]
   145 | D:1      | Reached XP level 2. HP: 12/22 MP: 5/5
   288 | D:1      | Learned a level 2 spell: Song of Slaying
   291 | D:1      | Learned a level 2 spell: Shroud of Golubria
   542 | D:1      | Gained mutation: You have a pair of small antennae on your head. [demonic ancestry]
   542 | D:1      | Reached XP level 3. HP: 19/27 MP: 6/6
   707 | D:1      | Reached skill level 3 in Charms
  1737 | D:2      | Gained mutation: A weak demonic guardian rushes to your aid. [demonic ancestry]
  1737 | D:2      | Reached XP level 4. HP: 29/33 MP: 7/7
  1821 | D:2      | Noticed Natasha
  1836 | D:2      | Killed Natasha
  1836 | D:2      | Reached skill level 4 in Charms
  2279 | D:2      | Noticed Natasha
  2289 | D:2      | Killed Natasha
  2317 | D:2      | Noticed Natasha
  2331 | D:2      | HP: 1/33 [Natasha/magic dart (9)]
  2331 | D:2      | Slain by an iron imp

Vault maps used:
D:1:      ldierk_walled_garden_2
D:2:      uniq_natasha

Skill      XL: |  1  2  3  4 |
---------------+-------------+-----
Short Blades   | 2 3 |  3.3
Charms         | 3 4 |  4.0
Fighting       | |  2.0
Armour         | |  0.8
Dodging        | |  1.7
Spellcasting   | |  2.0

Action                   |  1- 3 |  4- 6 || total
-------------------------+-------+-------++-------
Melee: Short sword       |   174 |    55 ||   229
 Cast: Song of Slaying   |     3 |       ||     3
       Infusion          |       |     3 ||     3
  Use: Scroll            |     2 |       ||     2
 Stab: Sleeping          |     5 |     1 ||     6
  Eat: Chunk             |     2 |     3 ||     5
Armor: Leather armour    |    51 |     7 ||    58
Dodge: Dodged            |    93 |    35 ||   128
